 Dungeon Crawl Stone Soup version 0.29.0-4-gdea44cf6ec (webtiles) character file.

Game seed: 13728615491572236154

996 qw the Trooper (level 8, 0/52 HPs)
             Began as a Gargoyle Delver on Sept 10, 2022.
             Was a Follower of Okawaru.
             Slain by a gnoll
             ... wielding a +0 flail
             ... led by a gnoll bouda
              (1 damage)
             ... on level 5 of the Dungeon.
             The game lasted 00:02:12 (6834 turns).

qw the Trooper (Gargoyle Delver)                    Turns: 6834, Time: 00:02:12

Health: 0/52       AC: 17    Str: 18    XL:     8   Next: 19%
Magic:  8/10       EV:  9    Int: 13    God:    Okawaru [*.....]
Gold:   137        SH:  0    Dex: 11    Spells: 7/7 levels left

rFire   . . .      SeeInvis .   Y - +0 war axe
rCold   . . .      Faith    .   (no shield)
rNeg    + + +      Spirit   .   j - +0 chain mail
rPois   inf        Reflect  .   (no helmet)
rElec   +          Harm     .   (no cloak)
rCorr   .          Rampage  .   i - +0 pair of gloves of Purpose {rN++ Int+2 Slay+2}
Will    .....                   (no boots)
Stlth   +.........              (no amulet)
HPRegen 0.17/turn               (no ring)
MPRegen 0.12/turn               (no ring)

@: about to teleport, heroic
A: sickness immunity, AC +5, negative energy resistance 1, electricity
resistance, torment resistance 1, petrification resistance
a: Renounce Religion, Heroism


You were on level 5 of the Dungeon.
You worshipped Okawaru.
Okawaru was aware of your devotion.
You visited 1 branch of the dungeon, and saw 5 of its levels.

You collected 214 gold pieces.
You spent 77 gold pieces at shops.


Innate Abilities, Weirdness & Mutations

You are immune to sickness and miasma.
Your stone body is resilient. (AC +5)
You are immune to poison.
You resist negative energy. (rN+)
You are resistant to electric shocks. (rElec)
You are resistant to unholy torment.
You are immune to petrification.


   Skills:
 - Level 6.9(11.9) Fighting
 + Level 5.8(10.8) Axes
 - Level 2.4(7.4) Armour
 - Level 1.5(6.5) Dodging
 - Level 5.4(10.4) Stealth
 + Level 3.0 Invocations


You had 7 spell levels left.
You didn't know any spells.
Your spell library was empty.

Inventory:

Hand Weapons
 b - a +0 flail
 Y - a +0 war axe (weapon)
Missiles
 k - 6 boomerangs (quivered)
Armour
 i - the +0 pair of gloves of Purpose (worn) {rN++ Int+2 Slay+2}
   (You acquired it on level 1 of the Dungeon)

   Int:       It affects your intelligence (+2).
   Slay:      It affects your accuracy & damage with ranged weapons and melee
   (+2).
   rN:        It greatly protects you from negative energy.
 j - a +0 chain mail (worn)
Wands
 g - a wand of digging (3)
Scrolls
 c - a scroll of identify
Potions
 d - a potion of resistance
 e - 2 potions of might
 f - a potion of haste
 l - a potion of mutation
 q - a potion of attraction {unknown}

Dungeon Overview and Level Annotations

Branches:
Dungeon (5/15)
 Temple: D:4-7

Altars:
Dithmenos
Fedhas
Hepliaklqana
Okawaru
Vehumet

Shops:
D:3 *

Annotations:
D:2 1 runed translucent door, Crazy Yiuf
D:5 Sigmund


Message History

The gnoll completely misses you. The gnoll bouda barely misses you.
You hit the gnoll bouda but do no damage.
The gnoll bouda is heavily wounded.
Sigmund hits you from afar with a +0 scythe.
The gnoll barely misses you.
You slash the gnoll bouda! You punch the gnoll bouda.
You kill the gnoll bouda!
Okawaru accepts your kill. The gnoll hits you but does no damage.
Sigmund mumbles some strange words.
Sigmund flickers and vanishes!
Deactivating autopickup; reactivate with Ctrl-A.
Your Invocations skill increases to level 3!
You closely miss the gnoll. The gnoll hits you with a +0 club.
The gnoll hits you but does no damage. Something hits you but does no damage.
6830 ||| READING scroll of teleportation.
As you read the scroll of teleportation, it crumbles to dust.
You feel strangely unstable. The gnoll barely misses you.
The gnoll hits you but does no damage. x2
You slash the gnoll!
The gnoll is almost dead.
You hit the gnoll. Something hits you but does no damage.
The gnoll closely misses you. The gnoll barely misses you.
You slash the gnoll!
You kill the gnoll!
Okawaru accepts your kill.
You closely miss the gnoll. The gnoll hits you with a +0 flail.
The gnoll hits you from afar with a +0 spear.
Something hits you.
You closely miss the gnoll.
The gnoll is moderately wounded.
The gnoll barely misses you.
The gnoll hits you from afar with a +0 spear.
You barely miss the gnoll.
The gnoll is moderately wounded.
The gnoll hits you with a +0 flail.
You die...

## ### +. ...
#. #....¤¤.
#.##......
#..###..#...g¤
#......gg...
#.#¤¤. #@#..
#)g{## ###..#
##.# #.## #..#
##.# #.##
#####..##


You could see 2 gnolls.

Vanquished Creatures
  Pikel (D:4)
  An ogre (D:4)
  A black bear (D:4)
  2 lemures (D:4)
  2 scorpions
  A gnoll bouda (D:5)
  An orc wizard (D:3)
  Natasha (thrice) (D:3)
  2 gnolls (D:5)
  5 adders
  2 worms (D:4)
  2 dart slugs
  13 orcs
  5 ball pythons
  8 bats
  7 endoplasms
  5 giant cockroaches
  11 goblins
  6 hobgoblins
  7 kobolds
  5 quokkas
  3 frilled lizards
  7 rats
100 creatures vanquished.

Vanquished Creatures (others)
  2 plants (D:3)
2 creatures vanquished.

Grand Total: 102 creatures vanquished

Notes
Turn   | Place    | Note
-------+----------+-------------------------------------------
     0 | D:5      | qw the Gargoyle Delver began the quest for the Orb.
     0 | D:5      | Reached XP level 1. HP: 14/14 MP: 1/1
     0 | D:5      | 0 ||| qw: Version: 0.1-a-116-g5d60599
     0 | D:5      | 0 ||| qw: Game counter: 7822
     0 | D:5      | 0 ||| qw: Always use a shield: true
     0 | D:5      | 0 ||| qw: God list: Okawaru
     0 | D:5      | 0 ||| qw: Allow faded altars: false
     0 | D:5      | 0 ||| qw: Do Orc after D:15 true
     0 | D:5      | 0 ||| qw: Do second Lair branch before Depths: true
     0 | D:5      | 0 ||| qw: Lair rune preference: random
     0 | D:5      | 0 ||| qw: Plans: Normal
     0 | D:5      | 0 ||| PLANNING D:1-11
    47 | D:5      | HP: 3/14 [orc/+2 short sword of protection (2)]
    48 | D:5      | Reached XP level 2. HP: 4/19 MP: 2/2
   332 | D:5      | 332 ||| UPGRADING to +0 ring mail.
   342 | D:5      | 342 ||| DROPPING +0 leather armour.
   343 | D:5      | 343 ||| DROPPING scroll of fog.
   344 | D:5      | 344 ||| DROPPING scroll of magic mapping.
   345 | D:5      | 345 ||| DROPPING scroll of fear.
   379 | D:4      | 379 ||| READING scroll labelled MEIGILLONUHE.
   404 | D:4      | HP: 1/19 [worm (9)]
   939 | D:3      | 939 ||| Stepping ~*~*~tactically~*~*~ (stealth).
  1006 | D:3      | Reached skill level 3 in Axes
  1014 | D:3      | Reached skill level 1 in Armour
  1014 | D:3      | Reached XP level 3. HP: 10/23 MP: 3/3
  1222 | D:3      | 1222 ||| Stepping ~*~*~tactically~*~*~ (stealth).
  1293 | D:2      | 1293 ||| Stepping ~*~*~tactically~*~*~ (stealth).
  1295 | D:2      | 1295 ||| Stepping ~*~*~tactically~*~*~ (stealth).
  1482 | D:2      | 1482 ||| Stepping ~*~*~tactically~*~*~ (stealth).
  1490 | D:2      | Reached XP level 4. HP: 21/28 MP: 4/4
  1712 | D:1      | 1712 ||| Stepping ~*~*~tactically~*~*~ (stealth).
  1714 | D:1      | 1714 ||| Stepping ~*~*~tactically~*~*~ (stealth).
  1716 | D:1      | 1716 ||| Stepping ~*~*~tactically~*~*~ (stealth).
  1993 | D:1      | Found a faded altar of an unknown god.
  2087 | D:1      | 2087 ||| Stepping ~*~*~tactically~*~*~ (stealth).
  2518 | D:1      | Noticed a seven-headed hydra
  2518 | D:1      | Noticed a black bear
  2518 | D:1      | Noticed a scorpion
  2519 | D:1      | Noticed a black mamba
  2531 | D:1      | 2531 ||| DROPPING amulet of faith.
  2532 | D:1      | 2532 ||| READING 3 scrolls labelled MIASUSAONO.
  2533 | D:1      | 2533 ||| READING scroll labelled UXOMUFIGUI.
  2533 | D:1      | Identified a scroll of acquirement
  2533 | D:1      | 2533 ||| ACQUIRING +0 pair of gloves of Purpose {rN++ Int+2
                  | Slay+2}
  2533 | D:1      | Acquired the +0 pair of gloves of Purpose {rN++ Int+2
                  | Slay+2}
  2535 | D:1      | 2535 ||| UPGRADING to +0 pair of gloves of Purpose {rN++
                  | Int+2 Slay+2}.
  2540 | D:1      | 2540 ||| READING 2 scrolls labelled WUOZIABAYT.
  2541 | D:1      | 2541 ||| READING scroll labelled QUQEOZEVISA.
  2542 | D:1      | 2542 ||| READING 2 scrolls of identify.
  2542 | D:1      | 2542 ||| IDENTIFYING glowing purple potion
  2543 | D:1      | 2543 ||| DROPPING potion of lignification.
  2544 | D:1      | 2544 ||| DROPPING scroll of immolation.
  2629 | D:2      | Found a runed translucent door.
  2630 | D:2      | Noticed Crazy Yiuf
  2754 | D:2      | 2754 ||| DROPPING +0 club.
  2759 | D:2      | 2759 ||| Stepping ~*~*~tactically~*~*~ (stealth).
  2844 | D:2      | 2844 ||| Stepping ~*~*~tactically~*~*~ (stealth).
  2847 | D:2      | 2847 ||| Stepping ~*~*~tactically~*~*~ (stealth).
  2848 | D:2      | 2848 ||| Stepping ~*~*~tactically~*~*~ (stealth).
  2849 | D:2      | 2849 ||| Stepping ~*~*~tactically~*~*~ (stealth).
  2863 | D:2      | 2863 ||| SWAPPING to +0 war axe.
  2895 | D:2      | 2895 ||| DROPPING +0 hand axe.
  2915 | D:2      | 2915 ||| Stepping ~*~*~tactically~*~*~ (stealth).
  2916 | D:2      | 2916 ||| Stepping ~*~*~tactically~*~*~ (stealth).
  3121 | D:2      | 3121 ||| Stepping ~*~*~tactically~*~*~ (stealth).
  3153 | D:2      | 3153 ||| Stepping ~*~*~tactically~*~*~ (stealth).
  3680 | D:2      | 3680 ||| DRINKING 2 bubbling orange potions.
  3950 | D:2      | 3950 ||| DROPPING potion of degeneration.
  4063 | D:3      | 4063 ||| Stepping ~*~*~tactically~*~*~ (stealth).
  4064 | D:3      | 4064 ||| Stepping ~*~*~tactically~*~*~ (stealth).
  4073 | D:3      | Reached XP level 5. HP: 32/32 MP: 5/5
  4074 | D:3      | 4074 ||| Stepping ~*~*~tactically~*~*~ (stealth).
  4076 | D:3      | 4076 ||| Stepping ~*~*~tactically~*~*~ (stealth).
  4078 | D:3      | 4078 ||| Stepping ~*~*~tactically~*~*~ (hiding).
  4090 | D:3      | 4090 ||| FLEEEEING.
  4091 | D:3      | 4091 ||| FLEEEEING.
  4092 | D:3      | 4092 ||| FLEEEEING.
  4093 | D:3      | 4093 ||| FLEEEEING.
  4094 | D:3      | 4094 ||| FLEEEEING.
  4102 | D:3      | 4102 ||| FLEEEEING.
  4103 | D:3      | 4103 ||| FLEEEEING.
  4105 | D:3      | 4105 ||| FLEEEEING.
  4106 | D:3      | 4106 ||| FLEEEEING.
  4107 | D:3      | 4107 ||| FLEEEEING.
  4108 | D:3      | 4108 ||| FLEEEEING.
  4109 | D:3      | 4109 ||| FLEEEEING.
  4110 | D:3      | 4110 ||| FLEEEEING.
  4111 | D:3      | 4111 ||| FLEEEEING.
  4112 | D:3      | 4112 ||| FLEEEEING.
  4116 | D:3      | HP: 6/32 [rat (3)]
  4117 | D:3      | 4117 ||| READING scroll of teleportation.
  4581 | D:3      | Found a radiant altar of Vehumet.
  4605 | D:3      | Noticed Natasha
  4616 | D:3      | HP: 5/32 [Natasha (7)]
  4621 | D:3      | Killed Natasha
  4961 | D:3      | Found Sairequa's General Store.
  4970 | D:3      | 4970 ||| SHOPLISTING scroll of acquirement (572 gold, have
                  | 157).
  4970 | D:3      | 4970 ||| BUYING scroll of identify (22 gold).
  4970 | D:3      | Bought a scroll of identify for 22 gold pieces
  4970 | D:3      | 4970 ||| BUYING scroll of identify (22 gold).
  4970 | D:3      | Bought a scroll of identify for 22 gold pieces
  4970 | D:3      | 4970 ||| BUYING scroll of teleportation (33 gold).
  4970 | D:3      | Bought a scroll of teleportation for 33 gold pieces
  5035 | D:3      | Noticed Natasha
  5036 | D:3      | 5036 ||| Stepping ~*~*~tactically~*~*~ (stealth).
  5040 | D:3      | Found a shadowy altar of Dithmenos.
  5045 | D:3      | Killed Natasha
  5256 | D:3      | Noticed Natasha
  5257 | D:3      | 5257 ||| Stepping ~*~*~tactically~*~*~ (stealth).
  5259 | D:3      | 5259 ||| Stepping ~*~*~tactically~*~*~ (stealth).
  5270 | D:3      | 5270 ||| Stepping ~*~*~tactically~*~*~ (stealth).
  5274 | D:3      | 5274 ||| Stepping ~*~*~tactically~*~*~ (stealth).
  5287 | D:3      | Killed Natasha
  5456 | D:3      | Found an iron altar of Okawaru.
  5465 | D:3      | 5465 ||| UPGRADING to +0 chain mail.
  5475 | D:3      | 5475 ||| DROPPING +0 ring mail.
  5476 | D:3      | 5476 ||| READING 3 scrolls of identify.
  5476 | D:3      | 5476 ||| IDENTIFYING pink potion
  5477 | D:3      | 5477 ||| READING 2 scrolls of identify.
  5477 | D:3      | 5477 ||| IDENTIFYING fuming brown potion
  5479 | D:3      | Became a worshipper of Warmaster Okawaru
  5542 | D:4      | Reached XP level 6. HP: 27/38 MP: 6/6
  5676 | D:4      | Found a blossoming altar of Fedhas.
  5917 | D:4      | Noticed Pikel
  5935 | D:4      | Killed Pikel
  5935 | D:4      | Reached * piety under Okawaru
  5936 | D:4      | Reached skill level 6 in Fighting
  5936 | D:4      | Reached XP level 7. HP: 26/47 MP: 7/7
  5936 | D:4      | 5936 ||| INVOKING Heroism.
  6088 | D:4      | 6088 ||| INVOKING Heroism.
  6097 | D:4      | Reached skill level 1 in Invocations
  6389 | D:4      | 6389 ||| INVOKING Heroism.
  6393 | D:4      | Reached XP level 8. HP: 52/52 MP: 6/9
  6580 | D:4      | Found a hazy altar of Hepliaklqana.
  6632 | D:4      | 6632 ||| INVOKING Heroism.
  6730 | D:4      | 6730 ||| READING scroll labelled UFYUSTR COCEPP.
  6731 | D:4      | 6731 ||| DRINKING 2 lumpy dark potions.
  6732 | D:4      | 6732 ||| READING 4 scrolls of identify.
  6732 | D:4      | 6732 ||| IDENTIFYING lumpy grey potion
  6733 | D:4      | 6733 ||| READING 3 scrolls of identify.
  6733 | D:4      | 6733 ||| IDENTIFYING metallic sapphire potion
  6734 | D:4      | 6734 ||| READING 2 scrolls of identify.
  6734 | D:4      | 6734 ||| IDENTIFYING viscous red potion
  6735 | D:4      | 6735 ||| DROPPING potion of flight.
  6736 | D:4      | 6736 ||| DROPPING potion of brilliance.
  6803 | D:5      | Noticed Sigmund
  6804 | D:5      | 6804 ||| INVOKING Heroism.
  6805 | D:5      | 6805 ||| DRINKING potion of curing.
  6805 | D:5      | 6805 ||| (to cure confusion)
  6820 | D:5      | 6820 ||| INVOKING Heroism.
  6829 | D:5      | Reached skill level 3 in Invocations
  6829 | D:5      | HP: 10/52 [gnoll/+0 club[a gnoll bouda] (6)]
  6830 | D:5      | 6830 ||| READING scroll of teleportation.
  6832 | D:5      | HP: 4/52 [something (5)]
  6833 | D:5      | HP: 1/52 [gnoll/+0 spear[a gnoll bouda] (3)]
  6834 | D:5      | Slain by a gnoll

Levels and vault maps discovered:
D:1:      onia_arrival_zoo_common, layout_basic,
          nicolae_ecumenical_snake_handling
D:2:      layout_loops_ring, hangedman_decor_clover_reticule,
          chequers_decorated_corner, minmay_liquid_box, uniq_crazy_yiuf_cottage
D:3:      layout_basic, mainiacjoe_overflow_alcove_2,
          mainiacjoe_overflow_big_doors, serial_shops, nicolae_lakefront_shop,
          uniq_natasha
D:4:      minmay_door_path, layout_loops_corners, mainiacjoe_overflow_chevrons,
          worldfamousw_hep_ancestral_shrine, uniq_pikel
D:5:      layout_basic, kennysheep_generic_room_9, uniq_grinder, uniq_edmund,
          uniq_sigmund

Skill      XL: |  1  2  3  4  5  6  7  8 |
---------------+-------------------------+-----
Axes           | 2 3 4 5 |  5.8
Armour         | 1 2 |  2.4
Fighting       | 6 |  6.9
Invocations    | 2 3 |  3.0
Dodging        | |  1.5
Stealth        | |  5.4

Action                   |  1- 3 |  4- 6 |  7- 9 || total
-------------------------+-------+-------+-------++-------
Melee: Hand axe          |    78 |    91 |       ||   169
       War axe           |       |   113 |    57 ||   170
       Punch             |       |     2 |     4 ||     6
Throw: Boomerang         |       |    18 |     5 ||    23
Invok: Heroism           |       |       |     6 ||     6
  Use: Scroll            |     1 |     8 |     5 ||    14
       Potion            |       |     1 |     2 ||     3
 Stab: Sleeping          |     1 |     3 |       ||     4
Armor: Leather armour    |     7 |       |       ||     7
       Ring mail         |    28 |    77 |       ||   105
       Chain mail        |       |    23 |    35 ||    58
Dodge: Dodged            |    39 |   106 |    28 ||   173

Table legend:
 A = Non-vault XP
 B = Vault XP
 C = Vault XP percentage of total XP
 D = Non-vault monster count
 E = Vault monster count
 F = Vault count percentage of total count
                 A         B        C        D         E       F
            +---------+---------+-------+---------+---------+-------
      Total |     784 |     640 |  44.9 |      92 |       6 |   6.1
            +---------+---------+-------+---------+---------+-------
        D:1 |      43 |       1 |   2.3 |      25 |       1 |   3.8
        D:2 |      72 |       0 |   0.0 |      22 |       0 |   0.0
        D:3 |     145 |      35 |  19.4 |      18 |       1 |   5.3
        D:4 |     354 |     604 |  63.0 |      18 |       4 |  18.2
        D:5 |     170 |       0 |   0.0 |       9 |       0 |   0.0
            +---------+---------+-------+---------+---------+-------
